 Dungeon Crawl Stone Soup version 0.20.1-1-g8b1a95d (webtiles) character file.

71886 dohliylev the Unseen (level 14, -7/101 HPs)
             Began as a Vampire Enchanter on July 9, 2017.
             Was a High Priest of Dithmenos.
             Blown up by an orb spider (42 damage)
             ... with an orb of destruction
             ... on level 3 of the Spider Nest.
             The game lasted 02:35:18 (21528 turns).

dohliylev the Unseen (Vampire Enchanter)           Turns: 21528, Time: 02:35:19

Health: -7/101     AC: 13    Str:  4 (5)  XL:     14   Next: 99%
Magic:  23/35      EV: 24    Int: 25 (26) God:    Dithmenos [*****.]
Gold:   1066       SH:  0    Dex: 18      Spells: 10/30 levels left

rFire    . . .     SeeInvis +   a - +1 dagger (venom)
rCold    + + .     Gourm    .   (no shield)
rNeg     + + +     Faith    .   B - +3 robe of Demons {rElec Int+2 Dex+3}
rPois    +         Spirit   .   q - +0 helmet
rElec    +         Reflect  .   Y - +2 cloak {+Inv}
rCorr    .         Harm     .   (no gloves)
MR       +....                  V - +3 pair of boots "Vukhoih" {rN+}
Stlth    ++++++++++             (no amulet)
Regen    0.2/turn               e - ring of protection from cold
MPRegen  0.3/turn               T - ring of magical power

@: lethally poisoned (-7 -> -18), regenerating slowly, wreathed by umbra
A: fangs 3, see invisible, clever 1, deterioration 2, weak 1, unbreathing
a: Bat Form, Shadow Step, Shadow Form, Renounce Religion, Evoke Invisibility


You were on level 3 of the Spider Nest.
You worshipped Dithmenos.
Dithmenos was extremely pleased with you.
You were near bloodless.

You visited 4 branches of the dungeon, and saw 18 of its levels.
You also visited: Sewer.

You collected 1066 gold pieces.

Inventory:

Hand Weapons
 a - a +1 dagger of venom (weapon)
 n - a +5 dagger of speed
 Z - a +4 short sword of draining
Armour
 q - a +0 helmet (worn)
 B - the +3 robe of Demons (worn) {rElec Int+2 Dex+3}
   (You found it on level 3 of the Lair of Beasts)

   It affects your intelligence (+2).
   It affects your dexterity (+3).
   It insulates you from electricity.
 V - the +3 pair of boots "Vukhoih" (worn) {rN+}
   (You found it on level 5 of the Dungeon)

   It protects you from negative energy.
 Y - a +2 cloak of invisibility (worn)
Magical Staves
 X - an uncursed staff of earth
Jewellery
 b - an uncursed ring of poison resistance
 e - a ring of protection from cold (left hand)
 t - an uncursed ring of stealth
 y - an uncursed ring of resist corrosion
 A - an uncursed ring of fire
 K - an uncursed ring of protection from magic
 M - an uncursed ring of positive energy
 T - a ring of magical power (right hand)
Wands
 D - a wand of enslavement (10/24)
 F - a wand of disintegration (7/24)
 N - a wand of enslavement (12/24)
 Q - a wand of lightning (2/15)
 U - a wand of confusion (34/48)
 W - a wand of acid (8/15)
Scrolls
 f - a scroll of acquirement {unknown}
 h - 2 scrolls of fear {unknown}
 k - 2 scrolls of summoning {unknown}
 o - 4 scrolls of fog
 p - 4 scrolls of recharging
 r - 3 scrolls of blinking
 v - 15 scrolls of remove curse
 w - a scroll of noise {unknown}
 x - a scroll of teleportation
 C - 2 scrolls of brand weapon {unknown}
 H - 5 scrolls of magic mapping
 O - 4 scrolls of enchant armour {unknown}
 R - 6 scrolls of amnesia
Potions
 d - a potion of blood
 g - 7 potions of curing
 i - 2 potions of ambrosia {unknown}
 j - 2 potions of degeneration {unknown}
 l - 3 potions of agility {unknown}
 m - a potion of resistance {unknown}
 s - 2 potions of magic {unknown}
 u - 7 potions of might
 E - 5 potions of haste {unknown}
 G - 2 potions of heal wounds {unknown}
 I - 4 potions of brilliance {unknown}
 J - 3 potions of flight {unknown}
 S - 4 potions of mutation {unknown}
Books
 c - a book of Maledictions

   Spells                             Type                      Level
   a - Corona                         Hexes                        1
   b - Ensorcelled Hibernation        Hexes/Ice                    2
   c - Confuse                        Hexes                        3
   d - Tukima's Dance                 Hexes                        3
   e - Dazzling Spray                 Conjuration/Hexes            3
 z - a book of Necromancy

   Spells                             Type                      Level
   a - Pain                           Necromancy                   1
   b - Animate Skeleton               Necromancy                   1
   c - Vampiric Draining              Necromancy                   3
   d - Regeneration                   Charms/Necromancy            3
   e - Animate Dead                   Necromancy                   4
   f - Control Undead                 Necromancy                   4
 L - a book of Minor Magic

   Spells                             Type                      Level
   a - Magic Dart                     Conjuration                  1
   b - Blink                          Translocation                2
   c - Call Imp                       Summoning                    2
   d - Slow                           Hexes                        2
   e - Conjure Flame                  Conjuration/Fire             3
   f - Mephitic Cloud                 Conjuration/Poison/Air       3
Miscellaneous
 P - 2 sacks of spiders


   Skills:
 - Level 6.4 Fighting
 - Level 10.1 Short Blades
 * Level 14.4 Dodging
 + Level 20.4 Stealth
 - Level 8.9 Spellcasting
 - Level 1.5 Conjurations
 - Level 12.5 Hexes
 + Level 0.2 Charms
 + Level 0.7 Necromancy
 - Level 7.0 Ice Magic
 + Level 0.5 Invocations


You had 10 spell levels left.
You knew the following spells:

 Your Spells              Type           Power        Failure   Level  Hunger
a - Corona                Hex            ######.      1%          1    None
b - Ensorcelled Hibernat  Hex/Ice        ######       1%          2    None
c - Dazzling Spray        Conj/Hex       #####.       1%          3    None
d - Confuse               Hex            ######..     1%          3    None
e - Mephitic Cloud        Conj/Pois/Air  ##......     13%         3    None
f - Vampiric Draining     Necr           ##........   12%         3    None
g - Regeneration          Chrm/Necr      ##........   14%         3    None
h - Slow                  Hex            ######..     1%          2    None


Dungeon Overview and Level Annotations

Branches:
Dungeon (8/15)             Temple (1/1) D:7            Lair (6/6) D:8
 Spider (3/4) Lair:4        Slime (0/5) Lair:5
  Swamp: Lair:2-4    Shoals: Lair:2-4

Altars:
Ashenzari
Cheibriados
Dithmenos
Elyvilon
Fedhas
Gozag
Hepliaklqana
Kikubaaqudgha
Makhleb
Nemelex Xobeh
Okawaru
Qazlal
Ru
Sif Muna
Trog
Uskayaw
Vehumet
Xom
Yredelemnul
Zin

Shops:
D:8 (

Annotations:
D:6 exclusion: oklob plant
Spider:2 Jorgrun
Spider:3 Arachne


Innate Abilities, Weirdness & Mutations

You heal slowly.
You have razor-sharp teeth.
You have supernaturally acute eyesight. (SInv)
You can survive without breathing.
Your mind is acute. (Int +2)
Your body often deteriorates upon taking damage.
You are weak. (Str -2)


Message History

There is a web here.
The web tears apart.
The redback is engulfed in noxious fumes.
Arachne points her staff at you, shooting a stream of webbing.
The stream of webbing hits you!
You are caught in a web!
You struggle to detach yourself from the web.
You feel sick.
The tarantella seems less confused.
The redback barely misses the redback.
The tarantella is engulfed in noxious fumes.
The tarantella bites you but does no damage.
Arachne mumbles some strange words.
Arachne blinks!
The jumping spider leaps!
The tarantella bites itself!
The jumping spider leaps!
The tarantella bites you.
The orb spider weaves a glowing orb of energy.
A jumping spider and an orb of destruction come into view.
The web tears apart.
The tarantella barely misses you.
A jumping spider comes into view.
You feel sick.
The redback seems less confused.
The orb of destruction hits you!
You die...

#....#.......
###.....#.........
#.#≈.........s.§..
#.................
####≈.....#s.........
≈.≈.......§....s.....
#..$.....§..s..>...^.
.......<@.s..H!......
#.^......^s..ss..(#
≈≈#...^s.#####s......
#^....## .......
###≈#≈≈ ....... #....
....... ..^.. .......
≈...... #....^.
......


You could see Arachne, a wolf spider, an orb spider, 2 jumping spiders, 4
tarantellas and a redback.

Vanquished Creatures
  4 emperor scorpions (Spider:2)
  The ghost of Mesmaeker13 the Earth Mage, a journeyman GrEE of Vehumet (Lair:5)
  A hydra (Lair:4)
  2 catoblepae
  17 wolf spiders
  A shining eye (Lair:5)
  8 orb spiders
  A moth of wrath (Spider:1)
  The ghost of Oddysee the Ruffian, a novice TrMo (D:5)
  10 elephants (Lair:6)
  4 black mambas
  2 torpor snails
  27 spiny frogs
  2 rime drakes
  10 komodo dragons
  4 demonic crawlers
  2 polar bears
  3 tyrant leeches (Lair:6)
  18 jumping spiders
  19 blink frogs
  9 hippogriffs
  4 dream sheep (Lair:5)
  38 redbacks
  Sigmund (D:2)
  A wyvern (Lair:5)
  9 tarantellas
  23 yaks
  Eustachio (D:5)
  6 vampire mosquitoes (Lair:6)
  9 water moccasins
  13 porcupines
  3 sky beasts
  3 orc warriors
  A black bear (D:8)
  2 phantoms
  9 centaurs
  64 wolves
  7 ogres
  15 crocodiles
  2 big kobolds (Sewer)
  A gnoll sergeant (D:5)
  16 bullfrogs
  A wyvern zombie (D:8)
  2 wyvern skeletons
  5 scorpions
  A water moccasin skeleton (D:8)
  8 killer bees
  6 wights (D:7)
  2 electric eels (Lair:6)
  2 crimson imps (D:8)
  2 centaur zombies (D:8)
  A jelly (D:5)
  A quasit (D:7)
  A bullfrog zombie (D:5)
  4 hounds
  2 centaur skeletons
  5 orc priests
  8 orc wizards
  4 iguanas
  Ijyb (D:4)
  10 worker ants
  A hound zombie (D:7)
  A hound skeleton (D:6)
  A worker ant zombie (D:7)
  13 gnolls
  8 adders
  A river rat (Sewer)
  An adder zombie (D:7)
  An ooze (Sewer)
  3 adder skeletons
  6 worms
  A dart slug (D:1)
  6 leopard geckos
  28 orcs
  8 giant cockroaches
  5 goblins
  7 hobgoblins
  6 jackals
  A quokka (D:7)
  3 ball pythons
  5 bats
  3 frilled lizards
  A jackal skeleton (D:7)
  11 kobolds
  2 quokka skeletons
  A quokka zombie (D:5)
  14 rats
578 creatures vanquished.

Vanquished Creatures (others)
  An orb spider (Spider:3)
  A black bear (D:8)
  An adder skeleton (D:8)
  3 bushes (Lair:6)
  29 fungi
  67 plants
102 creatures vanquished.

Grand Total: 680 creatures vanquished

Notes
Turn   | Place    | Note
-------+----------+-------------------------------------------
     0 | D:1      | dohliylev the Vampire Enchanter began the quest for the Orb.
     0 | D:1      | Reached XP level 1. HP: 13/13 MP: 3/3
   266 | D:1      | Reached skill level 5 in Stealth
   266 | D:1      | Reached XP level 2. HP: 12/19 MP: 3/5
   309 | D:1      | Learned a level 2 spell: Ensorcelled Hibernation
   816 | D:2      | Reached skill level 5 in Hexes
  1183 | D:2      | Reached XP level 3. HP: 24/24 MP: 1/6
  1283 | D:2      | Noticed Sigmund
  1292 | D:2      | Killed Sigmund
  1292 | D:2      | Reached skill level 7 in Stealth
  1292 | D:2      | Reached skill level 1 in Ice Magic
  1292 | D:2      | Reached XP level 4. HP: 30/30 MP: 4/7
  1292 | D:2      | Reached XP level 5. HP: 35/35 MP: 4/8
  1660 | D:3      | Reached skill level 8 in Stealth
  1982 | D:3      | Reached XP level 6. HP: 41/41 MP: 8/10
  2157 | D:3      | Found an iron altar of Okawaru.
  2713 | D:4      | Noticed Ijyb
  2725 | D:4      | Killed Ijyb
  2754 | D:4      | Found a glowing drain.
  2784 | Sewer    | Entered a sewer
  2925 | Sewer    | Reached XP level 7. HP: 46/46 MP: 9/11
  3396 | D:4      | Reached skill level 5 in Short Blades
  3610 | D:5      | Entered Level 5 of the Dungeon
  3615 | D:5      | Learned a level 3 spell: Dazzling Spray
  3683 | D:5      | Learned a level 3 spell: Confuse
  3849 | D:5      | You are sucked into a shaft for 2 floors!
  4040 | D:7      | Reached skill level 9 in Stealth
  4165 | D:7      | Reached XP level 8. HP: 46/53 MP: 11/13
  4518 | D:7      | Reached skill level 10 in Stealth
  4776 | D:6      | Reached skill level 11 in Stealth
  4854 | D:6      | Found an opulent altar of Gozag.
  5134 | D:6      | Found a blossoming altar of Fedhas.
  5146 | D:6      | Noticed an oklob plant
  5333 | D:5      | Reached XP level 9. HP: 57/58 MP: 10/15
  5343 | D:5      | Reached skill level 1 in Fighting
  5459 | D:5      | Noticed Oddysee's ghost (novice TrMo)
  5470 | D:5      | Reached skill level 12 in Stealth
  5526 | D:5      | Got a pair of encrusted boots
  5537 | D:5      | Identified the +3 pair of boots "Vukhoih" {rN+} (You found it on level 5 of the Dungeon)
  5594 | D:5      | Found a hide-covered altar of Uskayaw.
  5597 | D:5      | Noticed Eustachio
  5608 | D:5      | Killed Eustachio
  5740 | D:5      | Killed Oddysee's ghost
  5740 | D:5      | Reached skill level 5 in Dodging
  5843 | D:5      | Found an ancient bone altar of Kikubaaqudgha.
  5965 | D:7      | Reached skill level 5 in Spellcasting
  6094 | D:7      | Found a transporter.
  6107 | D:7      | Found a transporter.
  6228 | D:7      | Got a sparkling iron ring
  6262 | D:7      | Identified the ring of Dazaa {rF+ MP+9 Str+4 Int-3 SInv} (You found it on level 7 of the Dungeon)
  6330 | D:7      | Found a staircase to the Ecumenical Temple.
  6339 | Temple   | Entered the Ecumenical Temple
  6472 | Temple   | Became a worshipper of Dithmenos the Shadowed
  6823 | D:7      | Found a sacrificial altar of Ru.
  7076 | D:8      | Reached XP level 10. HP: 66/66 MP: 18/18
  7230 | D:8      | Reached * piety under Dithmenos
  7768 | D:8      | Found a staircase to the Lair.
  7786 | D:8      | Found Nadghucs's Antique Weapon Shoppe.
  8772 | D:8      | Found a radiant altar of Vehumet.
  8842 | Lair:1   | Entered Level 1 of the Lair of Beasts
  8922 | Lair:1   | Noticed a spiny frog
  8931 | Lair:1   | Killed a spiny frog
  8931 | Lair:1   | Reached skill level 10 in Short Blades
  9113 | Lair:1   | Noticed a spiny frog
  9116 | Lair:1   | Killed a spiny frog
  9120 | Lair:1   | Reached ** piety under Dithmenos
  9150 | Lair:1   | Reached XP level 11. HP: 53/71 MP: 19/19
  9211 | Lair:1   | Learned a level 3 spell: Mephitic Cloud
  9215 | Lair:1   | Learned a level 3 spell: Vampiric Draining
  9219 | Lair:1   | Learned a level 3 spell: Regeneration
  9222 | Lair:1   | Learned a level 2 spell: Slow
  9858 | Lair:2   | Reached skill level 10 in Dodging
  9858 | Lair:2   | Reached skill level 1 in Conjurations
 10748 | Lair:3   | Got an ichor-stained robe
 10843 | Lair:2   | Reached skill level 13 in Stealth
 10850 | Lair:2   | Reached *** piety under Dithmenos
 12077 | Lair:3   | Reached skill level 14 in Stealth
 12080 | Lair:3   | Reached XP level 12. HP: 51/83 MP: 9/21
 12251 | Lair:3   | Identified the +3 robe of Demons {rElec Int+2 Dex+3} (You found it on level 3 of the Lair of Beasts)
 12382 | Lair:3   | Reached skill level 5 in Ice Magic
 12966 | Lair:4   | Noticed a six-headed hydra
 12998 | Lair:4   | Killed a six-headed hydra
 13098 | Lair:4   | Noticed a catoblepas
 13472 | Lair:4   | Found a hole to the Spider Nest.
 13501 | Lair:4   | Reached skill level 15 in Stealth
 13970 | Lair:4   | Reached skill level 10 in Hexes
 14179 | Spider:1 | Entered Level 1 of the Spider Nest
 14504 | Spider:1 | Reached skill level 5 in Fighting
 14801 | Spider:1 | Reached XP level 13. HP: 91/91 MP: 24/24
 15312 | Spider:1 | Reached **** piety under Dithmenos
 16155 | Lair:5   | Noticed Mesmaeker13's ghost (journeyman GrEE)
 16210 | Lair:5   | Killed Mesmaeker13's ghost
 16799 | Lair:5   | Found a staircase to the Slime Pits.
 16840 | Lair:5   | Gained mutation: You are weak. (Str -2) [a shining eye]
 16843 | Lair:5   | Gained mutation: Your body sometimes deteriorates upon taking damage. [a shining eye]
 16851 | Lair:5   | Gained mutation: Your body often deteriorates upon taking damage. [a shining eye]
 16869 | Lair:5   | Gained mutation: Your mind is acute. (Int +2) [a shining eye]
 17180 | Lair:6   | Entered Level 6 of the Lair of Beasts
 18069 | Lair:6   | Reached ***** piety under Dithmenos
 18189 | Lair:6   | Reached XP level 14. HP: 101/101 MP: 22/26
 18384 | Lair:6   | Reached skill level 16 in Stealth
 18803 | Lair:6   | Reached skill level 17 in Stealth
 19649 | Spider:1 | Reached skill level 18 in Stealth
 19661 | Spider:1 | Got a faintly humming robe
 19663 | Spider:1 | Identified the cursed +0 robe "Seheuc" {rC+} (You found it on level 1 of the Spider Nest)
 20395 | Spider:2 | Noticed an emperor scorpion
 20402 | Spider:2 | Noticed Jorgrun
 20404 | Spider:2 | Killed an emperor scorpion
 20404 | Spider:2 | Reached skill level 19 in Stealth
 20414 | Spider:2 | Noticed an emperor scorpion
 20541 | Spider:2 | Noticed an emperor scorpion
 20545 | Spider:2 | Noticed an emperor scorpion
 20557 | Spider:2 | Killed an emperor scorpion
 21067 | Spider:2 | Killed an emperor scorpion
 21067 | Spider:2 | Reached skill level 20 in Stealth
 21338 | Spider:2 | Killed an emperor scorpion
 21508 | Spider:3 | Noticed Arachne
 21528 | Spider:3 | Blown up by an orb spider

Skill      XL: |  1  2  3  4  5  6  7  8  9 10 11 12 13 14 |
---------------+-------------------------------------------+-----
Stealth        | 5 7 8 9 11 12 14 15 20 | 20.4
Hexes          | 5 6 8 9 10 12 | 12.5
Ice Magic      | 1 2 3 4 6 7 |  7.0
Short Blades   | 2 4 5 7 10 | 10.1
Spellcasting   | 3 4 5 6 7 8 |  8.9
Dodging        | 3 4 6 9 10 11 13 14 | 14.4
Fighting       | 1 3 5 6 |  6.4
Conjurations   | 1 |  1.5
Charms         | |  0.2
Necromancy     | |  0.7
Invocations    | |  0.5

Action                   |  1- 3 |  4- 6 |  7- 9 | 10-12 | 13-15 || total
-------------------------+-------+-------+-------+-------+-------++-------
Melee: Dagger            |    45 |    91 |   261 |   126 |   338 ||   861
       Bite              |     4 |     3 |    25 |     5 |    29 ||    66
       Short sword       |       |       |       |   205 |    20 ||   225
       Unarmed           |       |       |       |     1 |     1 ||     2
 Cast: Corona            |     8 |     1 |     1 |       |       ||    10
       Ensorcelled Hiber |    13 |    39 |    79 |   207 |   243 ||   581
       Confuse           |       |       |    14 |     8 |    51 ||    73
       Dazzling Spray    |       |       |     4 |    44 |    10 ||    58
       Regeneration      |       |       |       |       |     3 ||     3
       Mephitic Cloud    |       |       |       |       |     4 ||     4
       Slow              |       |       |       |       |     2 ||     2
Invok: Shadow Step       |       |       |       |     6 |     3 ||     9
 Abil: End Transformatio |       |     1 |     2 |    11 |     7 ||    21
       Bat Form          |       |     1 |     2 |    11 |     7 ||    21
       Evoke Invisibilit |       |       |       |     1 |       ||     1
  Use: Potion            |       |     1 |     4 |     6 |    11 ||    22
       Scroll            |       |       |     2 |    11 |    11 ||    24
 Stab: Sleeping          |    17 |    37 |    83 |   161 |   168 ||   466
       Distracted        |     1 |       |       |     3 |     2 ||     6
       Confused          |       |       |    13 |     3 |    20 ||    36
       Invisible         |       |       |       |     1 |     4 ||     5
  Eat: Corpse            |     3 |     5 |     7 |    16 |     2 ||    33
Armor: Robe              |     9 |    20 |    33 |    62 |    55 ||   179
Dodge: Dodged            |    21 |    46 |   115 |   475 |   256 ||   913
